 Dungeon Crawl Stone Soup version 0.20.1-1-g8b1a95d (console) character file.

46 hilaritas the Chiller (level 3, -1/19 HPs)
             Began as a Deep Elf Ice Elementalist on Sept 30, 2017.
             Slain by a gnoll
             ... wielding a +0 flail
              (5 damage)
             ... on level 1 of the Dungeon.
             The game lasted 00:02:10 (1382 turns).

hilaritas the Chiller (Deep Elf Ice Elementalist)   Turns: 1382, Time: 00:02:11

Health: -1/19      AC:  2    Str:  6    XL:     3   Next: 46%
Magic:  5/9        EV: 13    Int: 19    God:
Gold:   94         SH:  0    Dex: 15    Spells: 2/8 levels left

rFire    . . .     SeeInvis .   j - +1 whip (venom)
rCold    . . .     Gourm    .   (no shield)
rNeg     . . .     Faith    .   a - +0 robe
rPois    .         Spirit   .   (no helmet)
rElec    .         Reflect  .   (no cloak)
rCorr    .         Harm     .   (no gloves)
MR       .....                  (no boots)
Stlth    ++........             (no amulet)
Regen    0.1/turn               (no ring)
MPRegen  0.2/turn               (no ring)

@: no status effects
A: no striking features
a: no special abilities


You were on level 1 of the Dungeon.
You were not hungry.

You visited 1 branch of the dungeon, and saw 2 of its levels.

You collected 94 gold pieces.

Inventory:

Hand Weapons
 e - a +0 dagger
 j - a +1 whip of venom (weapon)
Missiles
 g - 55 stones (quivered)
 l - 24 arrows
Armour
 a - a +0 robe (worn)
Jewellery
 m - a cursed amulet of inaccuracy {unknown}
Scrolls
 d - a scroll of remove curse {unknown}
 i - a scroll of magic mapping {unknown}
 p - a scroll of identify {unknown}
Potions
 k - a potion of degeneration {unknown}
 n - a potion of magic {unknown}
Books
 b - a book of Frost

   Spells                             Type                      Level
   a - Freeze                         Ice                          1
   b - Throw Frost                    Conjuration/Ice              2
   c - Ozocubu's Armour               Charms/Ice                   3
   d - Throw Icicle                   Conjuration/Ice              4
   e - Summon Ice Beast               Ice/Summoning                4
Comestibles
 c - a bread ration
 f - 2 meat rations
 h - a royal jelly
 q - a fruit


   Skills:
 - Level 2.4 Dodging
 - Level 2.4 Stealth
 - Level 3.0 Spellcasting
 * Level 1.4 Conjurations
 + Level 4.9 Ice Magic


You had 2 spell levels left.
You knew the following spells:

 Your Spells              Type           Power        Failure   Level  Hunger
a - Freeze                Ice            ###.         1%          1    None
b - Throw Frost           Conj/Ice       ##....       6%          2    ##.....
c - Ozocubu's Armour      Chrm/Ice       ##......     17%         3    ###....


Dungeon Overview and Level Annotations

Branches:
Dungeon (2/15)

Altars:


Message History

You freeze the gnoll.
The gnoll is severely wounded.
The gnoll barely misses you.
Casting: Freeze
Confirm with . or Enter, or press ? or * to list all spells.
Aiming: Freeze
Press: ? - help, Shift-Dir - straight line, f/p - gnoll
Aim: a gnoll, wielding a spear (severely wounded)
You freeze the gnoll.
You kill the gnoll!
The gnoll closely misses you.
Casting: Freeze
Confirm with . or Enter, or press ? or * to list all spells.
Aiming: Freeze
Press: ? - help, Shift-Dir - straight line, f - gnoll
Aim: a gnoll, wielding a flail You freeze the gnoll.
The gnoll is moderately wounded.
The gnoll hits you with a flail.
You die...

#####.#####..##......#.###.#.#...
..........÷..........#.....#.####
.########.##..#......#.#####.####
............#................#...
.########.#.#.##.#####.#######.##
.................#####.#######.#
######.##....#.................#
# #.##....#.....###.##########
### #.##..........# #...........
..# ##.####.###....# ###########.
..###...........@).# #.
...##..#....##.g...# #.
...##.......##.....# #.
...##.......##.....# #[
..###.......####.### #.
..###.......# #.# ####.
........#.#.####.# #†##.
#####.#.#.#....#.# #.##.
#.#.#.#.#....#.# #....
###.#.#.#.#....#.# #.###
....#.#.#.#....#.# #.#


You could see a gnoll.

Vanquished Creatures
  2 gnolls (D:1)
  An ooze (D:1)
  3 bats (D:1)
  2 giant cockroaches (D:1)
  5 goblins (D:1)
  A hobgoblin (D:1)
  A frilled lizard (D:1)
  3 kobolds (D:1)
  6 rats (D:1)
24 creatures vanquished.

Notes
Turn   | Place    | Note
-------+----------+-------------------------------------------
     0 | D:1      | hilaritas the Deep Elf Ice Elementalist began the quest for the Orb.
     0 | D:1      | Reached XP level 1. HP: 10/10 MP: 6/6
   270 | D:1      | Reached XP level 2. HP: 15/15 MP: 6/8
   274 | D:1      | Learned a level 2 spell: Throw Frost
   299 | D:1      | Reached skill level 4 in Ice Magic
  1349 | D:1      | Reached XP level 3. HP: 19/19 MP: 6/9
  1354 | D:1      | Learned a level 3 spell: Ozocubu's Armour
  1382 | D:1      | Slain by a gnoll

Skill      XL: |  1  2 |
---------------+-------+-----
Ice Magic      | 4 |  4.9
Dodging        | |  2.4
Stealth        | |  2.4
Spellcasting   | |  3.0
Conjurations   | |  1.4

Action                   || total
-------------------------++-------
Melee: Dagger            ||     1
 Cast: Freeze            ||    34
  Use: Potion            ||     1
  Eat: Chunk             ||     1
Armor: Robe              ||     1
Dodge: Dodged            ||    17
